 Dungeon Crawl Stone Soup version 0.24-a0-639-gb70a11d811 (webtiles) character file.

Game seed: 18270208198063089461, levelgen mode: deterministic

36587 Gargoyl the Slinger (level 13, -1/108 HPs)
             Began as a Centaur Abyssal Knight on Sept 23, 2019.
             Was a High Priest of Lugonu.
             Slain by a spiny frog (19 damage)
             ... on level 6 of the Lair of Beasts.
             The game lasted 00:40:12 (26590 turns).

Gargoyl the Slinger (Centaur Abyssal Knight)       Turns: 26590, Time: 00:40:13

Health: -1/108     AC: 14    Str: 19    XL:     13   Next: 53%
Magic:  20/20      EV: 13    Int: 11    God:    Lugonu [*****.]
Gold:   592        SH:  5    Dex: 12    Spells: 12/12 levels left

rFire    . . .     SeeInvis +   B - +2 broad axe (venom)
rCold    + . .     Gourm    .   (no shield)
rNeg     + . .     Faith    .   F - +1 chain mail {rC+}
rPois    .         Spirit   .   p - +1 hat {SInv}
rElec    .         Reflect  +   (no cloak)
rCorr    .         Harm     .   (no gloves)
MR       .....                  (no barding)
Stlth    ..........             k - +5 amulet of reflection
HPRegen  0.28/turn              w - ring of positive energy
MPRegen  0.17/turn              A - +5 ring of evasion

@: lethally poisoned (-1 -> -2), very quick
A: large, hooves 3, icy blue scales 1, agile 1, deformed body, speed 2, tough
skin 3
a: Depart the Abyss, Bend Space, Banish, Corrupt, Enter the Abyss, Renounce
Religion


You were on level 6 of the Lair of Beasts.
You worshipped Lugonu.
Lugonu was extremely pleased with you.
You were not hungry.

You visited 2 branches of the dungeon, and saw 17 of its levels.
You visited the Abyss 1 time.

You collected 1012 gold pieces.
You spent 420 gold pieces at shops.

Inventory:

Hand Weapons
 a - a +4 hand axe of venom
 l - the +4 hunting sling of Inquiry {venom, rElec rC+ Str+2 SInv}
   (You found it on level 4 of the Dungeon)

   It poisons the ammo it fires.
   It affects your strength (+2).
   It protects you from cold.
   It insulates you from electricity.
   It lets you see invisible.
 z - a cursed +4 hand axe of freezing
 B - a +2 broad axe of venom (weapon)
 N - a +2 war axe of electrocution
Missiles
 o - 419 stones
 r - a silver javelin (quivered)
Armour
 p - a +1 hat of see invisible (worn)
 F - a +1 chain mail of cold resistance (worn)
Jewellery
 k - a +5 amulet of reflection (around neck)
 w - a ring of positive energy (left hand)
 A - a +5 ring of evasion (right hand)
 L - an uncursed amulet of rage
Wands
 i - a wand of scattershot (4)
 j - a wand of random effects (29)
 x - a wand of polymorph (13)
 y - a wand of acid (5)
 D - a wand of disintegration (9)
 G - a wand of enslavement (7)
Scrolls
 d - 5 scrolls of teleportation
 e - 3 scrolls of remove curse
 h - a scroll of fear
 s - 2 scrolls of magic mapping
 v - a scroll of identify
 E - a scroll of noise {unknown}
 I - a scroll of blinking
Potions
 b - 2 potions of resistance
 f - 2 potions of heal wounds
 g - 5 potions of lignification
 m - 2 potions of mutation
 n - 2 potions of berserk rage
 q - a potion of ambrosia
 t - 3 potions of flight
 u - a potion of invisibility
 C - 2 potions of curing
 H - 2 potions of brilliance
 J - 2 potions of magic {unknown}
 K - 2 potions of might {unknown}
Comestibles
 c - 34 rations
 M - a chunk of flesh


   Skills:
 + Level 8.6 Fighting
 + Level 7.6(7.7) Axes
   Level 1.8(5.1) Polearms
 + Level 11.6(11.7) Slings
 + Level 2.0(7.8) Throwing
 * Level 9.0 Armour
 * Level 7.4 Dodging
 * Level 10.4 Invocations
 + Level 0.2 Evocations


You had 12 spell levels left.
You didn't know any spells.
Your spell library contained the following spells:

 Spells                   Type           Power        Failure   Level  Hunger
 Blink                    Tloc           N/A          99%         2    ###....
 Shroud of Golubria       Chrm/Tloc      #.....       99%         2    ###....
 Gell's Gravitas          Tloc           #.........   100%        3    ####...
 Lesser Beckoning         Tloc           #.........   100%        3    ####...
 Static Discharge         Conj/Air       #.......     100%        3    ####...
 Teleport Other           Tloc           #.......     100%        3    ####...
 Passage of Golubria      Tloc           N/A          100%        4    #####..
 Lightning Bolt           Conj/Air       #.........   100%        5    ######.
 Ignition                 Fire           #.........   100%        8    #######
 Shatter                  Erth           #.........   100%        9    #######
 Tornado                  Air            #.........   100%        9    #######


Dungeon Overview and Level Annotations

Branches:
Dungeon (11/15)            Temple (0/1) D:4            Lair (6/6) D:10
  Swamp (0/4) Lair:3       Spider (0/4) Lair:2        Slime (0/5) Lair:5
    Orc (0/2) D:10

Altars:
Ashenzari
Cheibriados
Dithmenos
Elyvilon
Fedhas
Gozag
Hepliaklqana
Kikubaaqudgha
Makhleb
Okawaru
Qazlal
Ru
Sif Muna
Trog
Uskayaw
Xom
Yredelemnul

Shops:
D:4 *   D:7 :   D:9 (

Annotations:
Lair:4 3 runed translucent doors, Nilosor's ghost, journeyman DrAE
Lair:5 exclusion: 3 oklob plants


Innate Abilities, Weirdness & Mutations

You have hooves in place of feet.
Armour fits poorly on your strangely shaped body.
You cover ground very quickly.
You have extremely tough skin. (AC +3)
You are partially covered in icy blue scales. (AC +2)
You are agile. (Dex +2)


Message History

You feel sick.
Something bites the fungus!
You feel sick.
Something bites the fungus.
You feel sick.
You feel sick.
You feel sick.
You feel sick.
You feel sick.
You feel sick.
You feel sick.
You feel sick.
You feel sick.
You feel sick.
A spiny frog comes into view.
You feel sick.
The spiny frog gives a loud, deep croak!
You hear an angry hiss.
The spiny frog misses you.
A water moccasin comes into view.
The spiny frog stings you!!
You die...

≈... #..........###.....####.
.≈..# ##..####...P#...........
#≈...##..## #..P.#...........
≈........P# ##.........P#...P
..#....### #...P.....#####.
#...#.#### #..........# ..
#..#.......#.##..........P....
#....<.#...F...........PPP
##.........@..##.......PP#
.......S......#####...?....
P....P........# .......
##...^P.......# ...
##..P.P....... ..
............. .P.P##........
##.......#


You could see a spiny frog and a water moccasin.

Vanquished Creatures
  Gastronok (Lair:3)
  Snorg (Lair:3)
  2 hydras (Lair:1)
  3 two-headed ogres
  Nergalle (Lair:3)
  A sea snake (Lair:6)
  12 elephants
  6 black mambas
  5 spiny frogs
  4 komodo dragons
  3 rime drakes
  A troll (D:10)
  A polar bear (Lair:5)
  A queen bee (Lair:5)
  A tyrant leech (Lair:3)
  2 meliai (Lair:5)
  2 hornets
  3 slime creatures (Lair:5)
  4 blink frogs
  6 hippogriffs
  2 wyverns
  4 redbacks (Lair:2)
  17 yaks
  2 basilisks
  3 swamp worms (Lair:3)
  3 wargs
  2 soldier ants (Lair:6)
  11 water moccasins
  4 porcupines
  3 orc warriors
  3 ice beasts
  A necrophage (D:10)
  4 ogres
  11 wolves
  A centaur (D:10)
  14 crocodiles
  A big kobold (D:10)
  19 bullfrogs
  2 gnoll sergeants
  20 killer bees
  2 scorpions
  3 wights (D:8)
  3 howler monkeys
  6 crimson imps
  4 jellies
  2 bullfrog zombies
  12 orc priests
  A gnoll shaman (D:8)
  4 hounds
  10 orc wizards
  3 bullfrog skeletons
  4 iguanas
  Natasha (twice) (D:4)
  4 hell rats (Lair:2)
  6 worker ants
  2 killer bee zombies
  A worker ant zombie (D:9)
  13 gnolls
  12 adders
  9 river rats (Lair:2)
  2 shadow imps
  An ufetubus (Abyss:1)
  2 adder zombies
  3 adder skeletons
  A worm (D:2)
  A dart slug (D:4)
  5 leopard geckos
  29 orcs
  10 bats
  4 giant cockroaches
  6 goblins
  12 hobgoblins
  12 jackals
  A quokka (D:6)
  A ball python skeleton (D:4)
  6 frilled lizards
  12 kobolds
  A leopard gecko skeleton (D:4)
  A leopard gecko zombie (D:7)
  8 rats
  2 fungi
  A plant (Lair:6)
411 creatures vanquished.

Vanquished Creatures (others)
  6 hydras
  2 black mambas
  A meliai (Lair:5)
  A hungry ghost (D:7)
  A water moccasin (Lair:4)
  An orc warrior (D:6)
  11 fungi
  7 plants
30 creatures vanquished.

Grand Total: 441 creatures vanquished

Notes
Turn   | Place    | Note
-------+----------+-------------------------------------------
     0 | Abyss:1  | Gargoyl the Centaur Abyssal Knight began the quest for the
                  | Orb.
     0 | Abyss:1  | Reached XP level 1. HP: 19/19 MP: 2/2
     1 | Abyss:1  | Found a corrupted altar of Lugonu.
    80 | Abyss:1  | Found a bloodstained altar of Trog.
   113 | Abyss:1  | Noticed a small abomination
   117 | Abyss:1  | Noticed a starcursed mass
   152 | Abyss:1  | Noticed a spatial maelstrom
   152 | Abyss:1  | Noticed a spatial vortex
   152 | Abyss:1  | Noticed a spatial vortex
   152 | Abyss:1  | Noticed a spatial vortex
   152 | Abyss:1  | Noticed a small abomination
   156 | Abyss:1  | Noticed a spatial vortex
   159 | Abyss:1  | Noticed a large abomination
   161 | Abyss:1  | Noticed a spatial vortex
   163 | D:1      | Escaped the Abyss
   230 | D:1      | Reached XP level 2. HP: 22/26 MP: 3/3
   498 | D:1      | Reached * piety under Lugonu
   975 | D:2      | Reached XP level 3. HP: 7/31 MP: 4/4
  1346 | D:2      | Found a hazy altar of Hepliaklqana.
  1461 | D:2      | Reached skill level 1 in Dodging
  1563 | D:2      | Found a basalt altar of Yredelemnul.
  1567 | D:2      | Found a sacrificial altar of Ru.
  2263 | D:3      | Reached XP level 4. HP: 38/38 MP: 5/5
  2492 | D:3      | Reached ** piety under Lugonu
  2502 | D:4      | Found Ipuim's Assorted Antiques.
  2503 | D:4      | Found a blossoming altar of Fedhas.
  2838 | D:3      | Reached XP level 5. HP: 44/45 MP: 7/7
  3293 | D:3      | Found a hide-covered altar of Uskayaw.
  3890 | D:4      | Noticed Natasha
  3899 | D:4      | Killed Natasha
  3986 | D:4      | Got a smoking hunting sling
  4076 | D:3      | Identified the +4 hunting sling of Inquiry {venom, rElec
                  | rC+ Str+2 SInv} (You found it on level 4 of the Dungeon)
  4274 | D:5      | Entered Level 5 of the Dungeon
  4304 | D:4      | Reached XP level 6. HP: 52/52 MP: 8/8
  4512 | D:4      | Found a bloodstained altar of Trog.
  4572 | D:4      | Reached *** piety under Lugonu
  4598 | D:4      | Reached skill level 1 in Slings
  4599 | D:4      | Found a staircase to the Ecumenical Temple.
  4826 | D:4      | Reached skill level 2 in Slings
  4830 | D:4      | Found a shadowy altar of Dithmenos.
  4969 | D:4      | Noticed Natasha
  4975 | D:4      | Killed Natasha
  5064 | D:5      | Found a burning altar of Makhleb.
  5069 | D:5      | Reached XP level 7. HP: 54/58 MP: 9/9
  5179 | D:5      | Reached skill level 3 in Slings
  5495 | D:5      | Found a snail-covered altar of Cheibriados.
  5695 | D:5      | Noticed a two-headed ogre
  5717 | D:5      | Killed a two-headed ogre
  5717 | D:5      | Reached skill level 5 in Slings
  5717 | D:5      | Reached XP level 8. HP: 67/67 MP: 9/11
  5923 | D:5      | Found an opulent altar of Gozag.
  5923 | D:5      | Found a shimmering altar of Xom.
  5945 | D:5      | Found a blossoming altar of Fedhas.
  5961 | D:6      | Reached skill level 6 in Slings
  5995 | D:6      | Reached skill level 5 in Invocations
  6041 | D:6      | Found a white marble altar of Elyvilon.
  6045 | D:6      | Got a scorched spear
  6048 | D:6      | Identified the cursed +0 spear "Jeup" {flame, rC+} (You
                  | found it on level 6 of the Dungeon)
  6462 | D:5      | Reached skill level 5 in Fighting
  6679 | D:6      | Reached XP level 9. HP: 59/74 MP: 12/12
  6772 | D:6      | Reached skill level 1 in Polearms
  6792 | D:6      | Reached skill level 7 in Slings
  6976 | D:5      | Reached **** piety under Lugonu
  7243 | D:6      | Found a shattered altar of Ashenzari.
  7358 | D:6      | Gained mutation: You are agile. (Dex +2) [potion of
                  | mutation]
  7358 | D:6      | Gained mutation: You are partially covered in icy blue
                  | scales. (AC +2) [potion of mutation]
  7853 | D:6      | Found an iron altar of Okawaru.
  8764 | D:7      | Found an ancient bone altar of Kikubaaqudgha.
  8878 | D:7      | Found Tybue's Book Shop.
 10089 | D:8      | Noticed a two-headed ogre
 10132 | D:8      | Killed a two-headed ogre
 10132 | D:8      | Reached skill level 8 in Slings
 10132 | D:8      | Reached skill level 5 in Armour
 10132 | D:8      | Reached XP level 10. HP: 83/83 MP: 13/15
 10815 | D:9      | Found Woecu's Antique Weapon Emporium.
 10840 | D:9      | Bought a runed broad axe for 203 gold pieces
 10855 | D:9      | Found a stormy altar of Qazlal.
 10978 | D:9      | Reached skill level 9 in Slings
 11709 | D:10     | Entered Level 10 of the Dungeon
 12023 | D:10     | Found a staircase to the Lair.
 12238 | D:10     | Found a staircase to the Orcish Mines.
 12351 | D:10     | Reached ***** piety under Lugonu
 12636 | D:10     | Noticed a two-headed ogre
 12663 | D:10     | Killed a two-headed ogre
 12663 | D:10     | Reached skill level 5 in Dodging
 13353 | Lair:1   | Entered Level 1 of the Lair of Beasts
 13431 | Lair:1   | Reached XP level 11. HP: 32/89 MP: 16/16
 13656 | D:4      | Bought a shiny chain mail for 217 gold pieces
 13871 | Lair:1   | HP: 4/89 [wyvern (4)]
 14112 | Lair:1   | Noticed a five-headed hydra
 14149 | Lair:1   | Killed a five-headed hydra
 14149 | Lair:1   | Reached skill level 10 in Slings
 14685 | Lair:1   | Noticed a seven-headed hydra
 14715 | Lair:1   | Killed a seven-headed hydra
 15125 | Lair:2   | Found a hole to the Spider Nest.
 15486 | Lair:2   | Reached skill level 11 in Slings
 15753 | Lair:2   | Found a shimmering blue altar of Sif Muna.
 16810 | Lair:2   | Reached XP level 12. HP: 75/98 MP: 18/18
 17438 | Lair:2   | Paralysed by a hornet for 2 turns
 18292 | Lair:3   | Noticed Snorg
 18351 | Lair:3   | Killed Snorg
 18511 | Lair:3   | Noticed Gastronok
 18518 | Lair:3   | Noticed a seven-headed hydra
 18539 | Lair:3   | Reached skill level 5 in Axes
 18552 | Lair:3   | Banished a seven-headed hydra
 18552 | Lair:3   | Reached skill level 1 in Throwing
 18928 | Lair:3   | Killed Gastronok
 19598 | Lair:3   | Noticed Nergalle
 19609 | Lair:3   | Killed Nergalle
 20377 | Lair:3   | Noticed a seven-headed hydra
 20381 | Lair:3   | Banished a seven-headed hydra
 20386 | Lair:3   | Found a staircase to the Swamp.
 21153 | Lair:4   | Noticed a five-headed hydra
 21420 | Lair:4   | Banished a five-headed hydra
 21446 | Lair:4   | Reached skill level 10 in Invocations
 22031 | Lair:4   | Noticed an eight-headed hydra
 22033 | Lair:4   | Banished an eight-headed hydra
 22033 | Lair:4   | Reached XP level 13. HP: 107/107 MP: 20/20
 22274 | Lair:4   | Found a runed translucent gate.
 22274 | Lair:4   | Found a runed translucent gate.
 22274 | Lair:4   | Found a runed translucent gate.
 22624 | Lair:4   | Noticed Nilosor's ghost (journeyman DrAE)
 23866 | Lair:5   | Found a staircase to the Slime Pits.
 26213 | Lair:6   | Entered Level 6 of the Lair of Beasts
 26590 | Lair:6   | Slain by a spiny frog

Levels and vault maps discovered:
D:1:      scummos_arrival_simple_crosswalls, layout_basic, st_stairs_7,
          minmay_misc_feat_alley
D:2:      layout_loops_cross, lemuel_doored_altar, grunt_temple_overflow_open,
          first_ration, kennysheep_cluttered_room
D:3:      layout_basic, lemuel_round_altar
D:4:      minmay_chambers_of_twos, layout_basic, marbit_many_paths,
          lightli_temple_of_fire, minmay_temple_entry_mini_moons, serial_shops,
          shop, serial_bayou_pond_b, kennysheep_nub, grunt_decor_fettered,
          fedhas_altar_2, uniq_natasha
D:5:      layout_loops_ring, kennysheep_mini_moat, cheibriados_altar_1,
          overflow_temple_1_default, gammafunk_temple_overflow_wave
D:6:      wad_pebble_path, layout_rooms, okawaru_altar_gauntlet_db,
          kennysheep_little_box, nicolae_ashenzari_panopticon,
          minmay_misc_feat_square
D:7:      layout_basic, nicolae_overflow_crystal_walls, serial_shops, shop,
          sigmund_army
D:8:      layout_gridville
D:9:      layout_basic, old_standard_altar, serial_shops, nicolae_shop_trees
D:10:     layout_long_grid, erik_lair_orcish_takeover, orc_0_dummy
D:11:     layout_irregular_city
Lair:1:   layout_regular_city, serial_bayou_shore_b, infiniplex_staircase_pool
Lair:2:   layout_regular_city, spider_nest_entry_webs, basic_altar,
          kennysheep_abandoned_house
Lair:3:   layout_chaotic_city, palyth_hydra_swamp_entry, uniq_snorg,
          uniq_gastronok, uniq_nergalle
Lair:4:   layout_layer_cave, ebering_ghost_rock_garden, grunt_megastairs_2
Lair:5:   layout_concentric_octagons, minmay_slime_entry_pillars, special_room
          [special_room_bee], grunt_megastairs_5, minmay_lair_oklob_chamber
Lair:6:   gammafunk_lair_ancient_temple, layout_layer_cave, minivault_29

Skill      XL: |  1  2  3  4  5  6  7  8  9 10 11 12 13 |
---------------+----------------------------------------+-----
Axes           | 2 3 4 6 7 |  7.6
Dodging        | 1 2 3 4 5 6 7 |  7.4
Armour         | 2 3 5 6 8 9 |  9.0
Invocations    | 3 4 5 6 7 8 10 | 10.4
Slings         | 2 5 6 8 9 11 | 11.6
Fighting       | 4 5 6 7 8 |  8.6
Polearms       | 1 |  1.8
Throwing       | 1 2 |  2.0
Evocations     | |  0.2

Action                   |  1- 3 |  4- 6 |  7- 9 | 10-12 | 13-15 || total
-------------------------+-------+-------+-------+-------+-------++-------
Melee: Hand axe          |   108 |    85 |       |       |       ||   193
       Kick              |    10 |    14 |    53 |    90 |    77 ||   244
       Spear             |       |       |   179 |       |       ||   179
       Broad axe         |       |       |       |   273 |   292 ||   565
 Fire: Hunting sling     |       |    72 |   189 |   591 |       ||   852
Throw: Stone             |       |       |     4 |     2 |       ||     6
       Javelin           |       |       |     1 |    14 |     5 ||    20
Invok: Depart the Abyss  |     1 |       |       |       |       ||     1
       Banish            |       |       |     3 |    11 |     4 ||    18
       Bend Space        |       |       |       |     3 |       ||     3
 Abil: Evoke Berserk Rag |       |     2 |       |       |       ||     2
  Use: Scroll            |     7 |     2 |     9 |    15 |     1 ||    34
       Potion            |     1 |       |     4 |     3 |     1 ||     9
  Eat: Chunk             |     3 |     9 |    11 |    25 |     8 ||    56
       Ration            |       |       |     1 |     3 |     2 ||     6
Armor: Leather armour    |    67 |    32 |       |       |       ||    99
       Ring mail         |       |    23 |    79 |    38 |       ||   140
       Chain mail        |       |       |       |   171 |   189 ||   360
Dodge: Dodged            |    88 |    56 |    94 |   371 |   290 ||   899
Block: Other             |       |       |       |    87 |   115 ||   202

Table legend:
 A = Non-vault XP
 B = Vault XP
 C = Vault XP percentage of total XP
 D = Non-vault monster count
 E = Vault monster count
 F = Vault count percentage of total count
                 A         B        C        D         E       F
            +---------+---------+-------+---------+---------+-------
      Total |   36545 |   15723 |  30.1 |     314 |     106 |  25.2
            +---------+---------+-------+---------+---------+-------
        D:1 |      19 |       3 |  13.6 |      13 |       2 |  13.3
        D:2 |      64 |       0 |   0.0 |      15 |       0 |   0.0
        D:3 |     151 |       0 |   0.0 |      25 |       0 |   0.0
        D:4 |     203 |     189 |  48.2 |      22 |      11 |  33.3
        D:5 |    1471 |       0 |   0.0 |      21 |       0 |   0.0
        D:6 |    1293 |      24 |   1.8 |      29 |       6 |  17.1
        D:7 |     678 |      43 |   6.0 |      13 |       3 |  18.8
        D:8 |    1753 |       0 |   0.0 |      21 |       0 |   0.0
        D:9 |    1688 |     424 |  20.1 |      27 |       6 |  18.2
       D:10 |    2141 |     294 |  12.1 |      21 |       4 |  16.0
     Lair:1 |    5291 |       0 |   0.0 |      19 |       0 |   0.0
     Lair:2 |    6491 |    1377 |  17.5 |      24 |      21 |  46.7
     Lair:3 |    2736 |    6380 |  70.0 |      14 |      10 |  41.7
     Lair:4 |    5586 |     686 |  10.9 |      18 |       3 |  14.3
     Lair:5 |    6972 |    3614 |  34.1 |      31 |      30 |  49.2
     Lair:6 |       0 |    2689 | 100.0 |       0 |      10 | 100.0
    Abyss:1 |       8 |       0 |   0.0 |       1 |       0 |   0.0
            +---------+---------+-------+---------+---------+-------
